 Dungeon Crawl Stone Soup version 0.23.0 (webtiles) character file.

Game seed: 14877301950066555510

4969 MalarOregon the Spear-Bearer (level 10, -1/84 HPs)
             Began as a Merfolk Skald on Feb 17, 2019.
             Was a Follower of Makhleb.
             Killed from afar by an electric eel (8 damage)
             ... with a bolt of electricity
             ... on level 1 of the Lair of Beasts.
             The game lasted 00:16:52 (9654 turns).

MalarOregon the Spear-Bearer (Merfolk Skald)        Turns: 9654, Time: 00:16:52

Health: -1/84      AC: 17    Str: 14    XL:     10   Next: 53%
Magic:  17/17      EV: 17    Int: 24    God:    Makhleb [*.....]
Gold:   400        SH:  0    Dex: 13    Spells: 12/19 levels left

rFire    . . .     SeeInvis .   s - +4 scythe (protect)
rCold    . . .     Gourm    +   (shield currently unavailable)
rNeg     + . .     Faith    .   b - +2 leather armour
rPois    .         Spirit   .   C - +0 helmet
rElec    .         Reflect  .   i - +0 cloak
rCorr    .         Harm     .   k - +2 pair of gloves
MR       .....                  (boots currently unavailable)
Stlth    ++........             z - amulet of the gourmand
HPRegen  0.24/turn              B - ring "Gux Pydgh" {rN+ Int+10}
MPRegen  0.15/turn              (no ring)

@: protection aura, very quick
A: change form in water, swift swim, stealthy swim
a: Renounce Religion


You were on level 1 of the Lair of Beasts.
You worshipped Makhleb.
Makhleb was aware of your devotion.
You were not hungry.

You visited 3 branches of the dungeon, and saw 11 of its levels.

You collected 400 gold pieces.

Inventory:

Hand Weapons
 f - a +0 blowgun
   (You took it off a kobold on level 3 of the Dungeon)
 s - a +4 scythe of protection (weapon)
   (You took it off Sigmund on level 4 of the Dungeon)
 t - a +3 trident
   (You took it off an orc on level 6 of the Dungeon)
Missiles
 p - 11 poisoned needles
 D - a throwing net (quivered) {!f}
Armour
 b - a +2 leather armour (worn)
 c - a +0 pair of boots (melded)
   (You found it on level 1 of the Dungeon)
 i - a +0 cloak (worn)
   (You found it on level 3 of the Dungeon)
 k - a +2 pair of gloves (worn)
   (You found it on level 3 of the Dungeon)
 v - a scarf of cloud immunity
   (You found it on level 4 of the Dungeon)
 C - a +0 helmet (worn)
   (You found it on level 6 of the Dungeon)
 F - a +2 pair of boots
   (You found it on level 8 of the Dungeon)
Magical Staves
 x - a cursed staff of conjuration {unknown}
   (You found it on level 5 of the Dungeon)
Jewellery
 z - an amulet of the gourmand (around neck)
   (You found it on level 7 of the Dungeon)
 B - the ring "Gux Pydgh" (left hand) {rN+ Int+10}
   (You found it on level 6 of the Dungeon)

   [ring of positive energy]

   It affects your intelligence (+10).
   It protects you from negative energy.
 G - an uncursed ring of fire
   (You found it on level 8 of the Dungeon)
Wands
 u - a wand of paralysis (11)
   (You found it on level 3 of the Dungeon)
 I - a wand of enslavement (7)
   (You found it on level 8 of the Dungeon)
Scrolls
 a - 3 scrolls of teleportation {@r4}
 h - 6 scrolls of remove curse {@r2}
 q - 10 scrolls of identify {@r1}
 w - a scroll of enchant weapon
 y - 2 scrolls of fear
 J - a scroll of magic mapping
Potions
 d - 2 potions of might
 g - a potion of resistance
 j - 5 potions of heal wounds {unknown}
 l - a potion of magic {unknown}
 m - 4 potions of curing {@q1}
 n - a potion of mutation {unknown}
 o - 3 potions of agility {unknown}
 r - a potion of haste {unknown}
 A - 2 potions of degeneration {unknown}
 E - a potion of lignification {unknown}
 H - a potion of cancellation {unknown}
Comestibles
 e - 15 rations {!d}


   Skills:
 + Level 9.7 Fighting
 - Level 14.0 Polearms
 - Level 1.0 Armour
 - Level 5.2 Dodging
 - Level 5.1 Spellcasting
 - Level 5.1 Charms


You had 12 spell levels left.
You knew the following spells:

 Your Spells              Type           Power        Failure   Level  Hunger
a - Infusion              Chrm           ####         1%          1    None
e - Regeneration          Chrm/Necr      ###.......   11%         3    ##.....
t - Spectral Weapon       Hex/Chrm       ###.....     11%         3    ##.....

Your spell library contained the following spells:

 Spells                   Type           Power        Failure   Level  Hunger
 Song of Slaying          Chrm           ####....     1%          2    None
 Shroud of Golubria       Chrm/Tloc      ###.......   5%          2    None


Dungeon Overview and Level Annotations

Branches:
Dungeon (9/15)             Temple (1/1) D:7            Lair (1/6) D:9
    Orc: D:9-12

Altars:
Ashenzari
Cheibriados
Dithmenos
Elyvilon
Fedhas
Gozag
Hepliaklqana
Kikubaaqudgha
Makhleb
Nemelex Xobeh
Okawaru
Qazlal
Ru
Sif Muna
Trog
Uskayaw
Vehumet
Wu Jian
Xom
Yredelemnul
The Shining One


Message History

* * * LOW HITPOINT WARNING * * *
The hornet stings you but does no damage.
The jackal bites you but does no damage.
The hornet stings you!
* * * LOW HITPOINT WARNING * * *
You feel as though you will be slow longer.
You can move again.
Unknown command.
You feel sick.
The jackal bites you but does no damage.
The jackal closely misses you.
The hornet stings you but does no damage.
Unknown command.
Okay, then.
As you read the scroll of fear, it crumbles to dust.
You assume a fearsome visage.
The hornet looks frightened!
The jackal looks frightened!
You feel sick.
You feel yourself speed up.
You feel sick.
You see here a howler monkey corpse.
You feel sick.
A quokka comes into view.
You feel sick.
You feel sick.
You feel sick.
There is a staircase to the Lair here.
You feel sick.
The quokka bites you but does no damage.
You climb downwards.
Welcome to the Lair of Beasts!
An electric eel comes into view.
There is a staircase back to the Dungeon here.
Your legs become a tail as you enter the water.
Your +0 pair of boots melds into your body.
You feel sick.
You feel better. The quokka misses you.
You miss the electric eel. The quokka barely misses you. The quokka misses you.
The electric eel shoots out a bolt of lightning at you!
The bolt of electricity hits you!
* * * LOW HITPOINT WARNING * * *
The bolt of electricity hits the quokka!
The quokka dies!
You slash the electric eel!
Your weapon exudes an aura of protection.
The electric eel shoots out a bolt of lightning at you!
The bolt of electricity hits you!
* * * LOW HITPOINT WARNING * * *
You closely miss the electric eel.
The electric eel shoots out a bolt of lightning at you!
The bolt of electricity hits you!
You die...

..............
...............
...........#...
###.#.≈≈≈≈≈..#..
.....≈≈≈≈≈≈≈≈...
....≈≈≈≈≈≈≈≈≈...
.....≈≈;≈≈≈≈≈≈..
.....≈≈@≈≈≈≈≈≈..
......≈≈≈≈≈≈≈≈..
......≈.<..≈....
.............P..
............##..
.....P##.#..# .
.....# #.#..#
..... #....# ...
#.#..#


You could see an electric eel.

Vanquished Creatures
  A two-headed ogre (D:9)
  Pikel (D:5)
  A troll (D:6)
  Grinder (D:4)
  Sigmund (D:4)
  A sky beast (D:6)
  4 ice beasts
  An orc warrior (D:6)
  2 black bears
  2 phantoms
  7 ogres
  3 centaurs
  A big kobold (D:8)
  2 bullfrogs
  2 scorpions
  A wyvern skeleton (D:8)
  3 howler monkeys
  5 crimson imps
  A centaur zombie (D:8)
  5 jellies
  A centaur skeleton (D:4)
  2 orc priests
  2 hounds
  Crazy Yiuf (D:4)
  2 bullfrog skeletons
  An iguana (D:8)
  2 orc wizards
  4 worker ants
  A worker ant zombie (D:6)
  14 adders
  4 gnolls (D:6)
  A shadow imp (D:6)
  2 adder zombies
  4 adder skeletons
  2 worms
  A dart slug (D:5)
  7 leopard geckos
  34 orcs
  4 ball pythons
  8 bats
  6 giant cockroaches
  11 goblins
  6 hobgoblins
  4 jackals
  18 kobolds
  5 quokkas
  12 frilled lizards
  A quokka zombie (D:2)
  9 rats
214 creatures vanquished.

Vanquished Creatures (others)
  2 slaves (D:5)
  A crimson imp (D:5)
  A hobgoblin (D:5)
  A quokka (Lair:1)
5 creatures vanquished.

Grand Total: 219 creatures vanquished

Notes
Turn   | Place    | Note
-------+----------+-------------------------------------------
     0 | D:1      | MalarOregon the Merfolk Skald began the quest for the Orb.
     0 | D:1      | Reached XP level 1. HP: 16/16 MP: 3/3
   337 | D:1      | Reached XP level 2. HP: 23/23 MP: 5/5
   492 | D:1      | Reached skill level 1 in Armour
   724 | D:1      | Reached XP level 3. HP: 11/28 MP: 6/6
  1955 | D:2      | Reached XP level 4. HP: 15/34 MP: 7/7
  2331 | D:2      | Learned a level 3 spell: Regeneration
  2335 | D:2      | Learned a level 3 spell: Spectral Weapon
  2473 | D:2      | Reached skill level 4 in Polearms
  2607 | D:2      | Found a faded altar of an unknown god.
  2748 | D:3      | Reached XP level 5. HP: 37/41 MP: 8/8
  3537 | D:3      | Found a shadowy altar of Dithmenos.
  3539 | D:3      | Found a snail-covered altar of Cheibriados.
  3897 | D:4      | Noticed Grinder
  3905 | D:4      | Paralysed by Grinder for 5 turns
  3913 | D:4      | Killed Grinder
  3913 | D:4      | Reached skill level 5 in Polearms
  3913 | D:4      | Reached XP level 6. HP: 23/48 MP: 10/10
  4079 | D:4      | Found a white marble altar of Elyvilon.
  4304 | D:4      | Reached XP level 7. HP: 53/53 MP: 12/12
  4426 | D:4      | Noticed Sigmund
  4493 | D:4      | Killed Sigmund
  4493 | D:4      | Reached skill level 5 in Dodging
  4493 | D:4      | Reached skill level 5 in Charms
  4823 | D:4      | Found a runed translucent door.
  4946 | D:4      | Noticed Crazy Yiuf
  5041 | D:4      | Killed Crazy Yiuf
  5041 | D:4      | Reached skill level 6 in Polearms
  5106 | D:5      | Entered Level 5 of the Dungeon
  5379 | D:5      | Noticed Pikel
  5393 | D:5      | Killed Pikel
  5393 | D:5      | Reached skill level 5 in Fighting
  5393 | D:5      | Reached skill level 7 in Polearms
  5393 | D:5      | Reached XP level 8. HP: 26/64 MP: 13/15
  5606 | D:5      | Reached skill level 8 in Polearms
  5606 | D:5      | Reached skill level 5 in Spellcasting
  6086 | D:5      | Reached skill level 9 in Polearms
  6296 | D:5      | Found a shimmering altar of Xom.
  6308 | D:5      | Reached XP level 9. HP: 62/69 MP: 16/16
  6310 | D:5      | Reached skill level 10 in Polearms
  6456 | D:5      | Reached skill level 11 in Polearms
  6587 | D:6      | Got an ancient brass ring
  6791 | D:5      | Reached skill level 12 in Polearms
  7258 | D:6      | Noticed a troll
  7269 | D:6      | Killed a troll
  7269 | D:6      | Reached skill level 13 in Polearms
  7901 | D:6      | Found a burning altar of Makhleb.
  7962 | D:6      | Became a worshipper of Makhleb the Destroyer
  8071 | D:7      | Reached skill level 14 in Polearms
  8088 | D:7      | Found a hazy altar of Hepliaklqana.
  8604 | D:7      | Found a staircase to the Ecumenical Temple.
  8614 | Temple   | Entered the Ecumenical Temple
  8781 | D:8      | Reached XP level 10. HP: 56/77 MP: 17/17
  9265 | D:8      | Reached * piety under Makhleb
  9337 | D:8      | Found a deep blue altar of Sif Muna.
  9372 | D:8      | Identified the ring "Gux Pydgh" {rN+ Int+10} (You found it
                  | on level 6 of the Dungeon)
  9600 | D:9      | Found a staircase to the Lair.
  9620 | D:9      | Noticed a two-headed ogre
  9633 | D:9      | Killed a two-headed ogre
  9637 | D:9      | Paralysed by a hornet for 3 turns
  9648 | Lair:1   | Entered Level 1 of the Lair of Beasts
  9654 | Lair:1   | Killed from afar by an electric eel

Skill      XL: |  1  2  3  4  5  6  7  8  9 10 |
---------------+-------------------------------+-----
Armour         | 1 |  1.0
Dodging        | 3 4 5 |  5.2
Fighting       | 3 5 6 9 |  9.7
Polearms       | 4 5 7 9 14 | 14.0
Charms         | 4 5 |  5.1
Spellcasting   | 3 4 5 |  5.1

Action                   |  1- 3 |  4- 6 |  7- 9 | 10-12 || total
-------------------------+-------+-------+-------+-------++-------
Melee: Spear             |   205 |   253 |    22 |       ||   480
       Tailslap          |     3 |       |       |       ||     3
       Scythe            |       |       |   275 |   121 ||   396
       Trident           |       |       |    16 |       ||    16
  Use: Scroll            |     3 |     8 |     3 |     1 ||    15
       Potion            |     2 |     1 |     1 |     1 ||     5
 Stab: Sleeping          |     3 |     1 |     3 |       ||     7
  Eat: Chunk             |     3 |     8 |    14 |    13 ||    38
Armor: Leather armour    |    43 |    70 |   127 |    49 ||   289
Dodge: Dodged            |   138 |   133 |   240 |    69 ||   580
